 Dungeon Crawl Stone Soup version 0.29.0-4-gdea44cf6ec (webtiles) character file.

Game seed: 5398246960214933636

85 qw the Chopper (level 4, -2/26 HPs)
             Began as a Tengu Warper on Aug 28, 2022.
             Slain by a gnoll
             ... wielding a +0 flail
              (7 damage)
             ... on level 3 of the Dungeon.
             The game lasted 00:00:13 (2619 turns).

qw the Chopper (Tengu Warper)                       Turns: 2619, Time: 00:00:13

Health: -2/26      AC: 11    Str: 13    XL:     4   Next: 48%
Magic:  8/8        EV:  0    Int: 14    God:
Gold:   145        SH: 11    Dex: 13    Spells: 7/7 levels left

rFire   . . .      SeeInvis .   Y - +1 hand axe
rCold   . . .      Faith    .   c - +0 tower shield
rNeg    . . .      Spirit   .   g - +1 plate armour
rPois   .          Reflect  .   (helmet restricted)
rElec   .          Harm     .   (no cloak)
rCorr   .          Rampage  .   (no gloves)
Will    .....                   (boots unavailable)
Stlth   ..........              (no amulet)
HPRegen 0.08/turn               (no ring)
MPRegen 0.11/turn               (no ring)

@: no status effects
A: beak, talons 3
a: no special abilities


You were on level 3 of the Dungeon.
You visited 1 branch of the dungeon, and saw 3 of its levels.

You collected 145 gold pieces.


Innate Abilities, Weirdness & Mutations

You have a beak for a mouth.
You have claws for feet.


   Skills:
 - Level 2.0 Fighting
 - Level 4.3 Axes
 - Level 1.0 Throwing
 - Level 2.0 Armour
 - Level 2.1 Dodging
 + Level 1.3 Shields
 - Level 2.0 Spellcasting
 - Level 2.4 Translocations


You had 7 spell levels left.
You didn't know any spells.
Your spell library contained the following spells:

 Spells                   Type           Power      Damage    Failure   Level
 Blink                    Tloc           16%        N/A       100%        2
 Gell's Gravitas          Tloc           8%         N/A       100%        3
 Lesser Beckoning         Tloc           8%         N/A       100%        3
 Teleport Other           Tloc           8%         N/A       100%        3
 Manifold Assault         Tloc           8%         N/A       100%        5

Inventory:

Hand Weapons
 f - a +0 whip
 Y - a +1 hand axe (weapon)
Armour
 c - a +0 tower shield (worn)
 g - a +1 plate armour (worn)
Scrolls
 b - 3 scrolls of identify
Potions
 a - a potion of curing
 d - a potion of flight {unknown}
 e - 2 potions of resistance {unknown}
 h - a potion of cancellation {unknown}

Dungeon Overview and Level Annotations

Branches:
Dungeon (3/15)

Altars:


Message History

The gnoll is moderately wounded.
You barely miss the gnoll. You hit the gnoll.
You block the gnoll's attack. x2; The gnoll hits you with a +0 flail.
You hit the gnoll.
The gnoll is heavily wounded.
You hit the gnoll but do no damage. You closely miss the gnoll.
You block the gnoll's attack. The gnoll hits you but does no damage.
You block the gnoll's attack. The gnoll hits you with a +0 halberd.
The gnoll hits you but does no damage. The gnoll hits you with a +0 spear.
You hit the gnoll.
You kill the gnoll!
You barely miss the gnoll. You hit the gnoll but do no damage.
You block the gnoll's attack. The gnoll hits you but does no damage.
You barely miss the gnoll.
The gnoll is moderately wounded.
You hit the gnoll but do no damage. The gnoll hits you but does no damage.
You block the gnoll's attack. The gnoll hits you but does no damage.
You block the gnoll's attack.
You hit the gnoll. You claw the gnoll.
You kill the gnoll!
You closely miss the gnoll. The gnoll hits you with a +0 flail!
Your Shields skill increases to level 1!
You hit the gnoll. Your kick misses the gnoll.
The gnoll is moderately wounded.
You block the gnoll's attack. x2
You hit the gnoll but do no damage.
The gnoll is moderately wounded.
You block the gnoll's attack.
You barely miss the gnoll. You peck the gnoll, but do no damage.
The gnoll is moderately wounded.
You block the gnoll's attack. The gnoll hits you but does no damage.
You barely miss the gnoll. Your kick misses the gnoll.
You peck the gnoll, but do no damage.
The gnoll is moderately wounded.
You block the gnoll's attack.
You hit the gnoll. You peck the gnoll.
The gnoll is severely wounded.
You block the gnoll's attack. The gnoll hits you with a +0 flail!
You die...

. ### # #.. .
#########.. #.........
#........#
#........##### ####
#<...)........ ....
#....g@..# ###
#....)...########### #.
#..........)......>###.
#########..........##..
#..........##.#
#..........#..#
#..............
#..........####
#..........#


You could see a gnoll.

Vanquished Creatures
  2 gnolls (D:3)
  An adder (D:2)
  An adder skeleton (D:2)
  A worm (D:2)
  2 dart slugs (D:1)
  A bat zombie (D:2)
  4 endoplasms
  2 giant cockroaches
  4 goblins
  5 hobgoblins
  3 kobolds
  A quokka (D:1)
  2 ball pythons (D:2)
  4 bats
  2 giant cockroach zombies (D:2)
  A jackal zombie (D:2)
  A quokka skeleton (D:2)
  A quokka zombie (D:2)
  12 rats
50 creatures vanquished.

Vanquished Creatures (others)
  2 withered plants (D:2)
2 creatures vanquished.

Grand Total: 52 creatures vanquished

Notes
Turn   | Place    | Note
-------+----------+-------------------------------------------
     0 | D:1      | qw the Tengu Warper began the quest for the Orb.
     0 | D:1      | Reached XP level 1. HP: 12/12 MP: 4/4
     0 | D:1      | 0 ||| qw: Version: 0.1-a-89-g26bdef1
     0 | D:1      | 0 ||| qw: Game counter: 688
     0 | D:1      | 0 ||| qw: Always use a shield: true
     0 | D:1      | 0 ||| qw: God list: Okawaru
     0 | D:1      | 0 ||| qw: Allow faded altars: false
     0 | D:1      | 0 ||| qw: Do Orc after D:15 true
     0 | D:1      | 0 ||| qw: Do second Lair branch before Depths: true
     0 | D:1      | 0 ||| qw: Lair rune preference: random
     0 | D:1      | 0 ||| qw: Plans: Normal
     0 | D:1      | 0 ||| PLANNING D:1-11
     6 | D:1      | 6 ||| Stepping ~*~*~tactically~*~*~ (stealth).
    80 | D:1      | Found a faded altar of an unknown god.
   222 | D:1      | Reached XP level 2. HP: 17/17 MP: 6/6
   245 | D:1      | Reached skill level 3 in Axes
   361 | D:1      | 361 ||| Stepping ~*~*~tactically~*~*~ (hiding).
   463 | D:1      | 463 ||| Stepping ~*~*~tactically~*~*~ (hiding).
   505 | D:1      | 505 ||| Stepping ~*~*~tactically~*~*~ (hiding).
   607 | D:1      | 607 ||| Stepping ~*~*~tactically~*~*~ (hiding).
   709 | D:1      | 709 ||| Stepping ~*~*~tactically~*~*~ (hiding).
  1280 | D:1      | 1280 ||| UPGRADING to +0 scale mail.
  1290 | D:1      | 1290 ||| DROPPING +0 leather armour.
  1291 | D:1      | 1291 ||| UPGRADING to +0 plate armour.
  1301 | D:1      | 1301 ||| DROPPING +0 scale mail.
  1302 | D:1      | 1302 ||| READING 2 scrolls labelled JUHEIT OPNYU.
  1403 | D:1      | 1403 ||| READING scroll labelled DABLYH NYSEXUDI.
  1404 | D:1      | 1404 ||| READING scroll labelled KITAICVAIH.
  1405 | D:1      | 1405 ||| READING scroll labelled REIM XIQOWOMAYS.
  1406 | D:1      | 1406 ||| DROPPING scroll of silence.
  1407 | D:1      | 1407 ||| DROPPING scroll of blinking.
  1446 | D:2      | Reached XP level 3. HP: 9/21 MP: 7/7
  1753 | D:2      | Reached skill level 4 in Axes
  2167 | D:2      | 2167 ||| Stepping ~*~*~tactically~*~*~ (stealth).
  2316 | D:2      | Reached XP level 4. HP: 26/26 MP: 8/8
  2464 | D:2      | 2464 ||| UPGRADING to +0 tower shield.
  2469 | D:2      | 2469 ||| READING scroll labelled QUPSEBRENE.
  2470 | D:2      | 2470 ||| READING 2 scrolls labelled GOOCASSIPOAKK.
  2471 | D:2      | 2471 ||| READING scroll of enchant armour.
  2471 | D:2      | 2471 ||| ENCHANTING +0 plate armour.
  2472 | D:2      | 2472 ||| DRINKING 2 coppery potions.
  2614 | D:3      | HP: 4/26 [gnoll/+0 flail (7)]
  2615 | D:3      | Reached skill level 1 in Shields
  2619 | D:3      | Slain by a gnoll

Levels and vault maps discovered:
D:1:      minmay_arrival_diagonal_passages, layout_basic,
          ebering_ecumenical_altar_mist
D:2:      layout_basic, serial_undead, serial_undead_e, serial_undead_e,
          serial_undead_d, serial_undead_f, serial_undead_d, serial_undead_a,
          grunt_decor_one_mirror, minmay_rat_gold_closets
D:3:      layout_rooms

Skill      XL: |  1  2  3  4 |
---------------+-------------+-----
Axes           | 3 4 |  4.3
Armour         | 2 |  2.0
Shields        | 1 |  1.3
Fighting       | |  2.0
Throwing       | |  1.0
Dodging        | |  2.1
Spellcasting   | |  2.0
Translocations | |  2.4

Action                   |  1- 3 |  4- 6 || total
-------------------------+-------+-------++-------
Melee: Hand axe          |    85 |    25 ||   110
       Kick              |    17 |     3 ||    20
       Peck              |     8 |     5 ||    13
       Punch             |     1 |       ||     1
Throw: Boomerang         |     7 |       ||     7
  Use: Scroll            |     4 |     3 ||     7
       Potion            |       |     1 ||     1
Armor: Leather armour    |     6 |       ||     6
       Plate armour      |    22 |    18 ||    40
Dodge: Dodged            |    17 |       ||    17
Block: Tower shield      |       |    13 ||    13

Table legend:
 A = Non-vault XP
 B = Vault XP
 C = Vault XP percentage of total XP
 D = Non-vault monster count
 E = Vault monster count
 F = Vault count percentage of total count
                 A         B        C        D         E       F
            +---------+---------+-------+---------+---------+-------
      Total |     103 |      19 |  15.6 |      36 |      14 |  28.0
            +---------+---------+-------+---------+---------+-------
        D:1 |      33 |       0 |   0.0 |      16 |       0 |   0.0
        D:2 |      38 |      19 |  33.3 |      15 |      14 |  48.3
        D:3 |      32 |       0 |   0.0 |       5 |       0 |   0.0
            +---------+---------+-------+---------+---------+-------
